 Dungeon Crawl Stone Soup version 0.19.4-8-ga85b6b9 (webtiles) character file.

57381 xanos the Unseen (level 14, 0/61 HPs)
             Began as a Spriggan Assassin on Feb 8, 2017.
             Was the Champion of Okawaru.
             Slain by a komodo dragon (20 damage)
             ... on level 5 of the Lair of Beasts on Feb 9, 2017.
             The game lasted 03:05:41 (37688 turns).

xanos the Unseen (Spriggan Assassin)               Turns: 37688, Time: 03:05:41

Health: 0/61       AC:  5    Str: 11    XL:     14   Next: 45%
Magic:  22/22      EV: 37    Int: 13    God:    Okawaru [******]
Gold:   1529       SH:  0    Dex: 26    Spells: 0 memorised, 23 levels left

rFire  . . .     SeeInvis +     D - +8 short sword "Toikhesh" {freeze, rC+ Dex+4}
rCold  + . .     Gourm    .     n - +2 robe {MR+}
rNeg   + . .     Faith    .     (shield restricted)
rPois  +         Spirit   .     e - +0 hat
rElec  .         Reflect  .     d - +0 cloak
rCorr  .         Harm     .     (gloves unavailable)
MR     +++..                    (boots unavailable)
Stlth  ++++++++..               (no amulet)
                                h - ring of Zikhahup {rPois rN+}
                                Q - +4 ring of dexterity

@: very quick
A: unfitting armour, see invisible, herbivore 3, speed 3, slow metabolism 2
a: Heroism, Finesse, Renounce Religion


You were on level 5 of the Lair of Beasts.
You worshipped Okawaru.
Okawaru was exalted by your worship.
You were not hungry.

You visited 5 branches of the dungeon, and saw 21 of its levels.

You collected 1903 gold pieces.
You spent 374 gold pieces at shops.

Inventory:

Hand Weapons
 p - a +2 dagger of venom
 D - the +8 short sword "Toikhesh" (weapon) {freeze, rC+ Dex+4}
   (You found it on level 4 of the Dungeon)

   It has been specially enchanted to freeze those struck by it, causing extra
   injury to most foes and up to half again as much damage against particularly
   susceptible opponents.
   It can also slow down cold-blooded creatures.
   It affects your dexterity (+4).
   It protects you from cold.
 F - a +6 shortbow
 R - a +7 quick blade
Missiles
 f - 3 needles of sleeping
 G - 161 arrows
Armour
 d - a +0 cloak (worn)
 e - a +0 hat (worn)
 n - a +2 robe of magic resistance (worn)
 Y - +0 mottled dragon scales
Jewellery
 a - an uncursed ring of ice
 h - the ring of Zikhahup (right hand) {rPois rN+}
   (You bought it in a shop on level 2 of the Orcish Mines)

   [ring of poison resistance]

   It protects you from poison.
   It protects you from negative energy.
 x - an uncursed ring of protection from fire
 H - an uncursed ring of protection from fire
 P - an uncursed ring of positive energy
 Q - a +4 ring of dexterity (left hand)
Wands
 b - a wand of iceblast (9/15)
 J - a wand of flame (22/48)
 L - a wand of slowing (48/48)
 N - a wand of lightning (8/15)
 T - a wand of polymorph (5/24)
Scrolls
 c - a scroll of fog
 i - 4 scrolls of blinking
 j - 3 scrolls of identify
 m - 6 scrolls of teleportation
 o - 4 scrolls of amnesia
 q - 7 scrolls of remove curse
 y - 5 scrolls of fear
 K - 3 scrolls of magic mapping
 V - a scroll of recharging
Potions
 k - 3 potions of agility
 l - 8 potions of curing
 r - a potion of lignification {unknown}
 t - 4 potions of ambrosia
 u - 2 potions of flight {unknown}
 w - a potion of mutation {unknown}
 z - 2 potions of invisibility
 B - 2 potions of magic {unknown}
 C - 2 potions of heal wounds
 E - a potion of might {unknown}
 I - a potion of brilliance {unknown}
 M - a potion of resistance {unknown}
 W - 2 potions of haste {unknown}
 X - a potion of cancellation {unknown}
 Z - 2 potions of degeneration {unknown}
Books
 A - a book of Cantrips

   Spells                             Type                      Level
   a - Confusing Touch                Hexes                        1
   b - Animate Skeleton               Necromancy                   1
   c - Summon Small Mammal            Summoning                    1
   d - Apportation                    Translocation                1
Comestibles
 g - 7 bread rations


   Skills:
 - Level 1.5 Fighting
 + Level 12.7 Short Blades
 + Level 13.0 Bows
 - Level 2.0 Throwing
 + Level 17.5 Dodging
 + Level 20.2 Stealth
 - Level 5.0 Spellcasting
   Level 5.0 Hexes


You had 23 spell levels left.
You didn't know any spells.

Dungeon Overview and Level Annotations

Branches:
Dungeon (12/15)            Temple (1/1) D:4            Lair (5/6) D:11
  Swamp (0/4) Lair:3        Snake (0/4) Lair:3          Orc (2/2) D:10
    Elf (1/3) Orc:2
  Slime: Lair:5-6

Altars:
Ashenzari
Cheibriados
Dithmenos
Elyvilon
Fedhas
Hepliaklqana
Kikubaaqudgha
Makhleb
Nemelex Xobeh
Okawaru
Qazlal
Ru
Sif Muna
Trog
Uskayaw
Vehumet
Xom
Yredelemnul
Zin
The Shining One
Beogh

Shops:
Orc:1 [}*(   Orc:2 %:=[(

Annotations:
D:7 miculber's ghost, novice FoWn
Lair:5 exclusion: oklob plant, odb's ghost, journeyman DDFi


Innate Abilities, Weirdness & Mutations

You are very small and have problems with some larger weapons.
You are too small for most types of armour.
You have supernaturally acute eyesight. (SInv)
You are a herbivore.
You cover ground extremely quickly.
You need consume almost no food.


Message History

The yak is almost dead.
You hit the yak. You freeze the yak.
You kill the yak!
Okawaru accepts your kill.
You start resting.
HP restored.
You climb downwards.
Level annotation: exclusion: oklob plant, odb's ghost, journeyman DDFi A bullfrog comes into view.
The spiny frog completely misses you. The blink frog completely misses you.
Odb's ghost hits you!!
Ouch! That really hurt!
The yak completely misses you. The spiny frog closely misses you.
The blink frog hits you!
The blink frog blinks!
Odb's ghost completely misses you.
You hear an angry hiss.
There is a stone staircase leading up, spattered with blood here.
The spiny frog completely misses you. The yak barely misses you.
The blink frog completely misses you. The komodo dragon bites you!!
You die...

. #.#..F##.
..##...§...##
#..........##..
#.......[....#
#.....#
#.F♣..##
..###.FY...#
......FlY.#.#
.♣#.#.W@..##.♣
♣#.$.F..# #..
##.....# ..#
#..♣..# ..
#....## ......
....S.. ##...
...


You could see a komodo dragon, 2 yaks, a spiny frog, 2 blink frogs, a bullfrog
and odb's ghost.

Vanquished Creatures
  Azrael (Orc:1)
  The ghost of Renzlar the Cleaver, a journeyman VSFi of Trog (Orc:2)
  Fannar (D:9)
  3 hydras
  Erica (Lair:2)
  A deep elf knight (Elf:1)
  3 unseen horrors
  10 hill giants
  2 orc knights (D:10)
  6 orc sorcerers
  2 deep elf magi (Elf:1)
  2 ugly things
  3 elephants
  6 cyclopes
  6 black mambas
  Psyche (D:10)
  9 spiny frogs
  3 rime drakes
  5 komodo dragons
  4 trolls
  3 slime creatures (D:12)
  A polar bear (Lair:2)
  Prince Ribbit (D:7)
  Grinder (D:3)
  A hornet (D:10)
  11 blink frogs
  A dream sheep (D:8)
  9 hippogriffs
  A vampire (D:12)
  A wyvern (D:10)
  40 yaks
  A basilisk (Lair:3)
  4 fire elementals
  The ghost of simplebreeze the Cudgeler, an amateur MiWn of Qazlal (D:4)
  3 mottled dragons
  2 wargs
  2 vampire mosquitoes (D:12)
  17 water moccasins
  5 porcupines
  2 hell hounds (Orc:1)
  4 sky beasts
  2 black bears
  5 ice beasts
  40 orc warriors
  15 ogres
  3 phantoms
  10 wolves (Lair:3)
  4 centaurs
  4 crocodiles
  7 big kobolds
  16 bullfrogs
  3 gnoll sergeants
  19 killer bees
  2 scorpions
  10 wights
  An electric eel (Lair:1)
  3 howler monkeys
  4 jellies
  7 crimson imps
  A quasit (D:10)
  2 centaur zombies
  4 hounds
  Crazy Yiuf (D:4)
  4 centaur skeletons
  18 orc priests
  A bullfrog skeleton (D:7)
  A gnoll shaman (D:6)
  4 iguanas
  36 orc wizards
  15 worker ants
  3 hound zombies
  A hound skeleton (D:11)
  A howler monkey zombie (D:5)
  Robin (D:2)
  A worker ant zombie (D:5)
  12 gnolls
  14 adders
  3 shadow imps
  A worm (D:3)
  4 dart slugs
  7 leopard geckos
  120 orcs
  A ball python (Lair:3)
  6 giant cockroaches
  14 goblins
  15 hobgoblins
  7 jackals
  25 kobolds
  4 quokkas
  8 bats
  9 frilled lizards
  A giant cockroach zombie (D:5)
  A leopard gecko zombie (D:5)
  2 quokka skeletons (D:5)
  A quokka zombie (D:5)
  4 rats
689 creatures vanquished.

Vanquished Creatures (others)
  4 dream sheep (D:8)
  7 fungi
  2 plants (Lair:4)
13 creatures vanquished.

Grand Total: 702 creatures vanquished

Notes
Turn   | Place    | Note
-------+----------+-------------------------------------------
     0 | D:1      | xanos the Spriggan Assassin began the quest for the Orb.
     0 | D:1      | Reached XP level 1. HP: 10/10 MP: 2/2
    55 | D:1      | Reached skill level 6 in Stealth
   122 | D:1      | Reached XP level 2. HP: 13/14 MP: 3/3
   599 | D:1      | Reached XP level 3. HP: 8/18 MP: 4/4
   815 | D:1      | Reached skill level 7 in Stealth
  1344 | D:2      | Noticed Robin
  1554 | D:2      | Killed Robin
  1555 | D:2      | Reached XP level 4. HP: 16/22 MP: 5/5
  1717 | D:2      | Found a hide-covered altar of Uskayaw.
  1718 | D:2      | Noticed a dagger
  1718 | D:2      | Noticed a hand axe
  2493 | D:3      | Noticed Grinder
  2500 | D:3      | Killed Grinder
  2500 | D:3      | Reached skill level 9 in Stealth
  2500 | D:3      | Reached XP level 5. HP: 25/25 MP: 6/6
  2500 | D:3      | Reached XP level 6. HP: 30/30 MP: 7/7
  2501 | D:3      | Found a faded altar of an unknown god.
  3288 | D:4      | Noticed simplebreeze's ghost (amateur MiWn)
  3738 | D:4      | Learned a level 1 spell: Confusing Touch
  3897 | D:5      | Entered Level 5 of the Dungeon
  4098 | D:5      | Reached skill level 10 in Stealth
  4117 | D:5      | Reached XP level 7. HP: 33/33 MP: 7/9
  4207 | D:5      | Reached skill level 1 in Spellcasting
  4255 | D:5      | Reached skill level 5 in Short Blades
  4394 | D:4      | Reached skill level 5 in Dodging
  4728 | D:4      | Found a staircase to the Ecumenical Temple.
  4735 | Temple   | Entered the Ecumenical Temple
  4881 | Temple   | Became a worshipper of Warmaster Okawaru
  5006 | D:4      | Got an encrusted short sword
  5007 | D:4      | Identified the +8 short sword "Toikhesh" {freeze, rC+ Dex+4} (You found it on level 4 of the Dungeon)
  5121 | D:4      | Found a runed door.
  5125 | D:4      | Noticed Crazy Yiuf
  5533 | D:5      | Reached skill level 11 in Stealth
  5999 | D:5      | Found a snail-covered altar of Cheibriados.
  6386 | D:4      | Killed Crazy Yiuf
  6425 | D:4      | Killed simplebreeze's ghost
  6425 | D:4      | Reached * piety under Okawaru
  6425 | D:4      | Reached skill level 1 in Bows
  6425 | D:4      | Reached XP level 8. HP: 21/37 MP: 12/12
  7238 | D:6      | Reached ** piety under Okawaru
  7307 | D:6      | Reached skill level 12 in Stealth
  7990 | D:6      | Reached XP level 9. HP: 36/41 MP: 16/16
  8126 | D:7      | Noticed Prince Ribbit
  8132 | D:7      | Killed Prince Ribbit
  8166 | D:7      | Reached *** piety under Okawaru
  8255 | D:7      | Found a deep blue altar of Sif Muna.
  8271 | D:7      | Reached skill level 5 in Spellcasting
  8306 | D:7      | Found a white marble altar of Elyvilon.
  8350 | D:7      | Noticed miculber's ghost (novice FoWn)
  8493 | D:7      | Found a sacrificial altar of Ru.
  8505 | D:7      | Found a shadowy altar of Dithmenos.
  8606 | D:7      | Reached skill level 5 in Bows
  8727 | D:7      | Found a basalt altar of Yredelemnul.
  8891 | D:8      | Reached skill level 13 in Stealth
  9251 | D:8      | Found a shimmering altar of Xom.
  9748 | D:8      | Reached **** piety under Okawaru
  9967 | D:9      | Reached skill level 1 in Hexes
 10151 | D:9      | Reached XP level 10. HP: 46/46 MP: 18/18
 10256 | D:9      | Found a shattered altar of Ashenzari.
 10349 | D:10     | Entered Level 10 of the Dungeon
 10395 | D:10     | Noticed a cyclops
 10814 | D:10     | Noticed a hill giant
 10822 | D:10     | Noticed Fannar
 10823 | D:10     | Killed a hill giant
 10863 | D:10     | Noticed a hill giant
 10914 | D:11     | Noticed a hill giant
 10914 | D:11     | Noticed a brown ugly thing
 11060 | D:10     | Killed a cyclops
 11296 | D:10     | Killed a hill giant
 11298 | D:10     | Reached ***** piety under Okawaru
 11539 | D:10     | Reached skill level 5 in Hexes
 11548 | D:10     | Reached skill level 10 in Dodging
 11680 | D:10     | Received a gift from Okawaru
 11844 | D:10     | Reached skill level 14 in Stealth
 12381 | D:10     | Noticed Psyche
 13036 | D:10     | Killed Psyche
 13050 | D:10     | Noticed an unseen horror
 13062 | D:10     | Noticed a hill giant
 13065 | D:10     | Killed an unseen horror
 13457 | D:10     | Reached XP level 11. HP: 40/49 MP: 19/19
 13565 | D:11     | Noticed a hill giant
 13628 | D:10     | Noticed a hill giant
 14861 | D:11     | Noticed a hill giant
 14867 | D:11     | Found a staircase to the Lair.
 14875 | Lair:1   | Entered Level 1 of the Lair of Beasts
 15019 | Lair:1   | Found a sacrificial altar of Ru.
 15301 | Lair:1   | Reached skill level 15 in Stealth
 15334 | Lair:1   | Found a labyrinth entrance.
 15360 | Lair:1   | You fall through a shaft!
 15363 | Lair:2   | Received a gift from Okawaru
 15394 | Lair:2   | Noticed a five-headed hydra
 15398 | Lair:2   | Killed a five-headed hydra
 15398 | Lair:2   | Reached skill level 10 in Short Blades
 15575 | Lair:1   | Received a gift from Okawaru
 16104 | Lair:1   | Killed a hill giant
 16424 | Lair:2   | Noticed a five-headed hydra
 16564 | Lair:2   | Noticed Erica
 16598 | Lair:2   | Reached skill level 16 in Stealth
 17296 | Lair:1   | Killed a hill giant
 17994 | Lair:1   | Reached XP level 12. HP: 53/53 MP: 20/20
 18063 | Lair:1   | Received a gift from Okawaru
 18147 | D:11     | Reached ****** piety under Okawaru
 18322 | D:11     | Reached skill level 17 in Stealth
 18627 | D:11     | Received a gift from Okawaru
 19022 | D:12     | Received a gift from Okawaru
 19209 | D:12     | HP: 2/53 [hill giant/giant club (40)]
 19914 | D:10     | Found a staircase to the Orcish Mines.
 20240 | D:10     | Received a gift from Okawaru
 20668 | D:10     | Reached skill level 10 in Bows
 21213 | D:10     | Reached skill level 15 in Dodging
 21213 | D:10     | Reached skill level 18 in Stealth
 21904 | Lair:2   | Killed a five-headed hydra
 22874 | Lair:3   | Found a staircase to the Snake Pit.
 23225 | Lair:2   | Killed Erica
 23437 | Lair:3   | Reached XP level 13. HP: 57/57 MP: 21/21
 23502 | Lair:3   | Got a coiled zirconium amulet
 23504 | Lair:3   | Identified the amulet "Nistre" {Inacc *Slow Int+4} (You found it on level 3 of the Lair of Beasts)
 23578 | Lair:3   | Found a staircase to the Swamp.
 24695 | D:12     | Received a gift from Okawaru
 26506 | Lair:4   | Reached skill level 19 in Stealth
 26639 | Lair:4   | Received a gift from Okawaru
 26923 | Lair:4   | You fall through a shaft!
 27070 | Lair:4   | Received a gift from Okawaru
 27495 | Lair:4   | HP: 1/57 [blink frog (18)]
 28542 | Orc:1    | Entered Level 1 of the Orcish Mines
 30553 | Orc:1    | Found Ynadom's Assorted Antiques.
 30650 | Orc:1    | Found Odghynk's Gadget Emporium.
 30658 | Orc:1    | Found Feamp's Antique Armour Boutique.
 30784 | Orc:1    | Found Warrof's Antique Weapon Shop.
 30891 | Orc:1    | Found a bloodstained altar of Trog.
 31020 | Orc:2    | Entered Level 2 of the Orcish Mines
 31020 | Orc:2    | Noticed Azrael
 31023 | Orc:2    | Reached XP level 14. HP: 61/61 MP: 22/22
 31115 | Orc:2    | Noticed Renzlar's ghost (journeyman VSFi)
 31359 | Orc:1    | Killed Azrael
 31595 | Orc:2    | Found Woshric's Jewellery Shop.
 32440 | Orc:2    | Found a roughly hewn altar of Beogh.
 32466 | Orc:2    | Noticed an orc warlord
 33002 | D:9      | Killed Fannar
 34458 | Orc:2    | Found a roughly hewn altar of Beogh.
 34591 | Orc:2    | Found a roughly hewn altar of Beogh.
 34705 | Orc:2    | Found a roughly hewn altar of Beogh.
 34707 | Orc:2    | Found Imexe's Food Boutique.
 34729 | Orc:2    | Reached skill level 20 in Stealth
 34809 | Orc:2    | Killed Renzlar's ghost
 34809 | Orc:2    | Received a gift from Okawaru
 34933 | Orc:2    | Found a staircase to the Elven Halls.
 35088 | Orc:2    | Found a roughly hewn altar of Beogh.
 35231 | Orc:2    | Found a roughly hewn altar of Beogh.
 35241 | Orc:2    | Found Fitiupe's Book Shop.
 36210 | Orc:2    | Found Riohor's Antique Weapon Shoppe.
 36211 | Orc:2    | Found a roughly hewn altar of Beogh.
 36236 | Orc:2    | Found Gyrph's Antique Armour Emporium.
 36500 | Orc:2    | Bought the ring of Zikhahup {rPois rN+} for 374 gold pieces
 36518 | Orc:2    | Received a gift from Okawaru
 36555 | Elf:1    | Entered Level 1 of the Elven Halls
 37537 | Lair:5   | Noticed odb's ghost (journeyman DDFi)
 37688 | Lair:5   | Slain by a komodo dragon

Skill      XL: |  1  2  3  4  5  6  7  8  9 10 11 12 13 14 |
---------------+-------------------------------------------+-----
Stealth        | 6 7 9 10 11 12 13 14 16 18 19 20 | 20.2
Dodging        | 2 3 4 5 7 9 10 13 15 16 17 | 17.5
Short Blades   | 4 5 6 8 9 10 12 | 12.7
Spellcasting   | 2 4 5 |  5.0
Bows           | 1 3 6 8 10 12 13 | 13.0
Hexes          | 2 5 |  5.0
Fighting       | |  1.5
Throwing       | |  2.0

Action                   |  1- 3 |  4- 6 |  7- 9 | 10-12 | 13-15 || total
-------------------------+-------+-------+-------+-------+-------++-------
Melee: Dagger            |   118 |   134 |    53 |       |       ||   305
       Short sword       |       |       |   261 |  1039 |  1483 ||  2783
 Fire: Shortbow          |       |       |    15 |    82 |   140 ||   237
 Cast: Confusing Touch   |       |       |       |     4 |       ||     4
  Use: Scroll            |       |     4 |     8 |    16 |     7 ||    35
       Potion            |       |       |       |     2 |     1 ||     3
 Stab: Sleeping          |    10 |    17 |    28 |    23 |    17 ||    95
       Distracted        |     2 |       |     2 |    11 |    22 ||    37
  Eat: Fruit             |       |       |     4 |       |       ||     4
       Pizza             |       |       |     1 |       |     1 ||     2
       Bread ration      |       |       |       |     3 |     2 ||     5
Armor: Robe              |    11 |     8 |    10 |    29 |    22 ||    80
Dodge: Dodged            |    69 |    71 |   179 |   888 |  1047 ||  2254
